 Dungeon Crawl Stone Soup version 0.22-a0-223-g0f5d773 (webtiles) character file.

5345 4thArraOfDagon the Fighter (level 10, 0/76 HPs)
             Began as an Octopode Arcane Marksman on Feb 18, 2018.
             Was a Priest of Elyvilon.
             Slain by a wraith (7 damage)
             ... on level 11 of the Dungeon.
             The game lasted 00:29:19 (7212 turns).

4thArraOfDagon the Fighter (OpAM)                   Turns: 7212, Time: 00:29:20

Health: 0/76       AC:  3    Str:  9    XL:     10   Next: 65%
Magic:  9/14       EV: 14    Int: 19    God:    Elyvilon [***...]
Gold:   87         SH:  0    Dex: 13    Spells: 10/11 levels left

rFire    . . .     SeeInvis .   y - +1 falchion (holy)
rCold    . . .     Gourm    .   (no shield)
rNeg     . . .     Faith    .   (helmet restricted)
rPois    +         Spirit   .   (no amulet)
rElec    .         Reflect  .   e - ring of poison resistance
rCorr    .         Harm     .   (no ring)
MR       +....                  (no ring)
Stlth    ++........             (no ring)
HPRegen  0.22/turn              (no ring)
MPRegen  0.14/turn              (no ring)
                                (no ring)
                                (no ring)

@: slowed, very slow
A: almost no armour, stealthy swim, amphibious, 8 rings, constrict 8, slimy
green scales 1, camouflage 1, magic resistance 1, gelatinous body 1
a: Lesser Healing, Heal Other, Purification, Divine Protection, Renounce
Religion


You were on level 11 of the Dungeon.
You worshipped Elyvilon.
Elyvilon was most pleased with you.
You were very hungry.

You visited 1 branch of the dungeon, and saw 12 of its levels.
You also visited: Sewer and Ice Cave.

You collected 484 gold pieces.
You spent 397 gold pieces at shops.

Inventory:

Hand Weapons
 d - a +0 short sword
 i - a +2 dagger of speed
 m - a +1 mace of protection
 y - a +1 falchion of holy wrath (weapon)
 D - a -3 great sword
 E - the +7 morningstar of Fortitude {crush, rC- Str+6}
   (You bought it in a shop on level 11 of the Dungeon)

   It inflicts extra damage upon your enemies.
   It affects your strength (+6).
   It makes you vulnerable to cold.
Missiles
 b - 10 javelins (quivered)
 c - a throwing net
Jewellery
 e - a ring of poison resistance (left tentacle)
Wands
 p - a wand of random effects (30)
 s - a wand of acid (1)
Scrolls
 f - 4 scrolls of remove curse
 h - 2 scrolls of amnesia
 k - a scroll of magic mapping {unknown}
 o - a scroll of noise {unknown}
 q - 3 scrolls of enchant weapon
 r - 2 scrolls of fear {unknown}
 t - a scroll of fog
 v - a scroll of random uselessness
 w - a scroll of immolation
 C - 2 scrolls of enchant armour
 G - a scroll of identify
Potions
 g - 3 potions of magic
 j - 2 potions of heal wounds
 l - 3 potions of flight
 n - 2 potions of berserk rage
 u - a potion of brilliance
 x - a potion of curing
 z - a potion of might
 A - a potion of haste
 B - 2 potions of mutation
 F - a potion of agility {unknown}
Comestibles
 a - 15 rations


   Skills:
 - Level 10.0 Fighting
 * Level 9.9 Long Blades
 - Level 2.0 Throwing
 - Level 3.3 Dodging
 - Level 1.0 Spellcasting
 - Level 3.0 Hexes
 - Level 5.4 Invocations
 - Level 3.0 Evocations


You had 10 spell levels left.
You knew the following spells:

 Your Spells              Type           Power        Failure   Level  Hunger
a - Corona                Hex            ##.....      5%          1    ##.....


Dungeon Overview and Level Annotations

Branches:
Dungeon (12/15)            Temple (0/1) D:5            Lair (0/6) D:8
    Orc: D:9-12

Altars:
Elyvilon
Gozag
Kikubaaqudgha
Qazlal
Ru
The Shining One

Shops:
D:11 *

Annotations:
D:8 Gorice's ghost, journeyman GnWn
D:9 Joseph
D:12 Nergalle


Innate Abilities, Weirdness & Mutations

You cannot wear most types of armour.
You are very stealthy in the water. (Stealth+)
You are amphibious.
You can wear up to eight rings at the same time.
You can use your tentacles to constrict eight enemies at once.
Your skin changes colour to match your surroundings (Stealth+).
Your rubbery body absorbs attacks. (AC +1, EV +1)
You are partially covered in slimy green scales. (AC +2)
You are resistant to hostile enchantments. (MR+)


Message History

The acid corrodes the wraith!
The wraith is almost destroyed.
The wraith hits you!
* * * LOW HITPOINT WARNING * * *
Unknown command.
Evoke which item? (* to show all) (? for menu, Esc to quit)
Okay, then.
You hit the wraith.
The wraith convulses.
The wraith is almost destroyed.
The wraith hits you!
* * * LOW HITPOINT WARNING * * *
The wraith drains your vigour!
You feel as though you will be slow longer.
Unknown command.
Unknown command.
Unknown command.
You hit the wraith but do no damage.
The wraith is almost destroyed.
The wraith hits you!
You die...

#.....#..................
#.....#........>.........
#.....#..................
#.....#......#......#####
#.....#......#..........#
###+###..(...#..........#
..Z #.................#
#... #.............#...#
#... +.@...........#....
#..h #W............#....
#... #.............#....
#... #.............#....
###################


You could see a wraith.

Vanquished Creatures
  A deep elf mage (D:11)
  2 rime drakes (D:11)
  Prince Ribbit (D:6)
  A meliai zombie (D:12)
  A hippogriff (D:8)
  A wyvern (D:8)
  Eustachio (D:5)
  A hungry ghost (D:8)
  2 ice beasts (D:6)
  3 orc warriors
  2 sky beasts
  A black bear (D:9)
  A wolf (D:11)
  5 centaurs
  2 ogres (D:7)
  4 bullfrogs
  2 wyvern skeletons
  4 howler monkeys
  2 wights
  5 crimson imps
  2 quasits
  A hound (D:8)
  3 jellies
  5 bullfrog skeletons
  A bullfrog zombie (D:7)
  7 orc wizards
  3 orc priests
  Jessica (D:2)
  2 iguanas
  Natasha (thrice) (D:2)
  9 worker ants
  7 gnolls
  12 adders
  A river rat (D:4)
  A shadow imp (D:5)
  3 worms
  3 dart slugs
  7 leopard geckos
  25 orcs
  6 ball pythons
  6 bats
  3 giant cockroaches
  8 goblins
  5 hobgoblins
  10 jackals
  15 kobolds
  3 quokkas
  9 frilled lizards
  A jackal skeleton (D:6)
  A leopard gecko skeleton (D:7)
  4 rats
  3 plants (Sewer)
212 creatures vanquished.

Vanquished Creatures (others)
  An orc wizard (D:11)
  A leopard gecko (D:8)
  3 fungi (D:8)
  A plant (D:8)
6 creatures vanquished.

Grand Total: 218 creatures vanquished

Notes
Turn   | Place    | Note
-------+----------+-------------------------------------------
     0 | D:1      | 4thArraOfDagon the Octopode Arcane Marksman began the quest for the Orb.
     0 | D:1      | Reached XP level 1. HP: 13/13 MP: 2/2
    60 | D:1      | Reached skill level 2 in Fighting
    60 | D:1      | Reached XP level 2. HP: 16/19 MP: 3/3
   180 | D:1      | Reached XP level 3. HP: 25/25 MP: 4/4
   240 | D:2      | Noticed Jessica
   245 | D:2      | Noticed Natasha
   254 | D:2      | Reached skill level 3 in Fighting
   257 | D:2      | Killed Jessica
   264 | D:2      | Killed Natasha
   264 | D:2      | Reached skill level 4 in Fighting
   264 | D:2      | Reached XP level 4. HP: 8/33 MP: 5/5
   282 | D:2      | Noticed Natasha
   287 | D:2      | Killed Natasha
   445 | D:3      | Found an opulent altar of Gozag.
   516 | D:3      | Reached XP level 5. HP: 38/38 MP: 6/6
   620 | D:4      | Found a sacrificial altar of Ru.
   642 | D:4      | Became a worshipper of Ru the Awakened
   662 | D:4      | Reached skill level 5 in Fighting
   750 | D:4      | Found a glowing drain.
   757 | Sewer    | Entered a sewer
  1194 | D:4      | Noticed a centaur
  1222 | D:5      | Entered Level 5 of the Dungeon
  1251 | D:5      | Noticed an ice beast
  1381 | D:6      | Reached XP level 6. HP: 43/46 MP: 7/7
  1390 | D:6      | Found a stormy altar of Qazlal.
  1390 | D:6      | Found an ancient bone altar of Kikubaaqudgha.
  1392 | D:6      | Noticed an ice beast
  1417 | D:5      | Noticed a sky beast
  1434 | D:6      | Noticed an ice beast
  1449 | D:6      | Noticed an orc warrior
  1460 | D:6      | Reached skill level 6 in Fighting
  1495 | D:6      | Noticed Prince Ribbit
  1513 | D:6      | Noticed Eustachio
  1674 | D:7      | Reached skill level 1 in Evocations
  1680 | D:7      | Found a white marble altar of Elyvilon.
  1706 | D:7      | Fell from the grace of Ru
  1706 | D:7      | Became a worshipper of Elyvilon the Healer
  1743 | D:6      | Reached XP level 7. HP: 34/52 MP: 8/8
  1793 | D:6      | Reached skill level 1 in Invocations
  1802 | D:6      | Gained mutation: You are partially covered in slimy green scales. (AC +2) [potion of mutation]
  1802 | D:6      | Gained mutation: You are resistant to hostile enchantments. (MR+) [potion of mutation]
  1812 | D:6      | Was placed under penance by Elyvilon
  2067 | D:8      | Was forgiven by Elyvilon
  2067 | D:8      | Noticed Gorice's ghost (journeyman GnWn)
  2094 | D:7      | Reached skill level 5 in Invocations
  2094 | D:7      | Reached XP level 8. HP: 21/57 MP: 10/12
  2220 | D:7      | Noticed a two-headed ogre
  2501 | D:7      | Reached skill level 7 in Fighting
  2540 | D:7      | Was placed under penance by Elyvilon
  2667 | D:5      | Was forgiven by Elyvilon
  2756 | D:5      | Reached skill level 8 in Fighting
  3145 | D:5      | Found a staircase to the Ecumenical Temple.
  3303 | D:4      | Reached XP level 9. HP: 52/67 MP: 13/13
  3411 | D:3      | Reached skill level 9 in Fighting
  3518 | D:2      | Noticed Natasha
  3534 | D:2      | Killed Natasha
  3563 | D:2      | Found a glowing golden altar of the Shining One.
  3838 | D:1      | Reached * piety under Elyvilon
  4204 | D:3      | Found a faded altar of an unknown god.
  4806 | D:6      | Killed Prince Ribbit
  4887 | D:5      | Killed Eustachio
  4887 | D:5      | Reached skill level 10 in Fighting
  4989 | D:6      | Reached skill level 1 in Long Blades
  5052 | D:6      | Found a sacrificial altar of Ru.
  5765 | D:8      | Reached skill level 5 in Long Blades
  6150 | D:8      | Found a staircase to the Lair.
  6155 | D:8      | Reached ** piety under Elyvilon
  6180 | D:8      | Reached XP level 10. HP: 46/76 MP: 14/14
  6331 | D:10     | Entered Level 10 of the Dungeon
  6497 | D:9      | Noticed Joseph
  6522 | D:11     | Found Hagg's Assorted Antiques.
  6530 | D:11     | Bought a transparent morningstar for 225 gold pieces
  6530 | D:11     | Bought a scroll labeled MAOTIU REONGUS for 25 gold pieces
  6530 | D:11     | Bought a brown potion for 22 gold pieces
  6530 | D:11     | Bought a potion of heal wounds for 125 gold pieces
  6530 | D:11     | Identified the +7 morningstar of Fortitude {crush, rC- Str+6} (You bought it in a shop on level 11 of the Dungeon)
  6537 | D:11     | Found a frozen archway.
  6628 | IceCv    | Entered an ice cave
  6828 | D:11     | Noticed a deep elf mage
  6838 | D:11     | Killed a deep elf mage
  6858 | D:11     | Reached *** piety under Elyvilon
  7102 | D:12     | Noticed Nergalle
  7103 | D:12     | Noticed a two-headed ogre
  7212 | D:11     | Slain by a wraith

Vault maps used:
D:1:      mrwooster_arrival_statue_2
D:2:      tso_metal_star, first_ration, uniq_jessica, uniq_natasha
D:3:      chequers_ecumenical_altar_island, grunt_gozag_breadcrumbs
D:4:      gup_sewer_entry_bubbles, nicolae_ru_sacrificial_ziggurat
D:5:      minmay_temple_entry_butterflies
D:6:      marbit_many_paths, gammafunk_temple_overflow_wave,
          uniq_prince_ribbit1, uniq_eustachio
D:7:      elyvilon_altar_3
D:8:      cheibrodos_barr_body, dpeg_oklobed_lair,
          hangedman_little_slice_of_home
D:9:      lemuel_flame_loot_2, overflow_temple_1_default, feat_on_display,
          uniq_joseph
D:10:     david_orc_5, kennysheep_cross_room
D:11:     serial_shops, shop, portal_ice_cave_rime
D:12:     uniq_nergalle, uniq_maurice
Sewer:    sewer_co_scattered_pipes
IceCv:    ice_cave_caverns_03

Skill      XL: |  1  2  3  4  5  6  7  8  9 10 |
---------------+-------------------------------+-----
Fighting       | 2 4 5 6 8 10 | 10.0
Dodging        | 3 |  3.3
Evocations     | 2 3 |  3.0
Invocations    | 5 |  5.4
Long Blades    | 6 9 |  9.9
Throwing       | |  2.0
Spellcasting   | |  1.0
Hexes          | |  3.0

Action                   |  1- 3 |  4- 6 |  7- 9 | 10-12 || total
-------------------------+-------+-------+-------+-------++-------
Melee: Unarmed           |     3 |       |       |       ||     3
       Short sword       |    34 |     8 |       |       ||    42
       Constrict         |    11 |    25 |    73 |    20 ||   129
       Tentacles         |     6 |    30 |    78 |    38 ||   152
       Dagger            |       |   174 |   292 |       ||   466
       Mace              |       |       |     8 |       ||     8
       Falchion          |       |       |    87 |   139 ||   226
Throw: Javelin           |     4 |     3 |    29 |     3 ||    39
       Throwing net      |     1 |     1 |     2 |       ||     4
Invok: Lesser Healing    |       |       |     1 |       ||     1
       Heal Other        |       |       |       |     3 ||     3
Evoke: Wand              |       |       |    21 |     5 ||    26
  Use: Potion            |     2 |     2 |     4 |     5 ||    13
       Scroll            |       |    10 |     5 |     5 ||    20
 Stab: Sleeping          |     3 |    10 |     9 |     1 ||    23
       Held in net/web   |     1 |     1 |       |       ||     2
  Eat: Chunk             |       |     3 |    13 |       ||    16
       Ration            |       |       |     1 |     2 ||     3
Armor: Skin              |     4 |     3 |    59 |    14 ||    80
Dodge: Dodged            |    25 |    57 |   251 |   108 ||   441
       Rpst.: Falchion   |       |       |    17 |    26 ||    43

Table legend:
 A = Spawn XP
 B = Non-spawn XP
 C = Spawn XP percentage of total XP
 D = Spawn monster count
 E = Non-spawn monster count
 F = Spawn count percentage of total count
 G = Total turns spent on level
                    A         B        C        D         E        F      G
               +---------+---------+-------+---------+---------+-------+---------
         Total |       0 |    7636 |   0.0 |       0 |     210 |   0.0 |  7212
               +---------+---------+-------+---------+---------+-------+---------
           D:1 |       0 |      43 |   0.0 |       0 |      21 |   0.0 |   426
           D:2 |       0 |     208 |   0.0 |       0 |      26 |   0.0 |   704
           D:3 |       0 |      54 |   0.0 |       0 |      10 |   0.0 |   456
           D:4 |       0 |     211 |   0.0 |       0 |      13 |   0.0 |   625
           D:5 |       0 |     588 |   0.0 |       0 |      21 |   0.0 |   982
           D:6 |       0 |    1321 |   0.0 |       0 |      30 |   0.0 |   924
           D:7 |       0 |    1205 |   0.0 |       0 |      20 |   0.0 |  1159
           D:8 |       0 |    1361 |   0.0 |       0 |      21 |   0.0 |   583
           D:9 |       0 |     330 |   0.0 |       0 |       5 |   0.0 |   192
          D:10 |       0 |      90 |   0.0 |       0 |       4 |   0.0 |   104
          D:11 |       0 |    1897 |   0.0 |       0 |      16 |   0.0 |   605
          D:12 |       0 |     296 |   0.0 |       0 |       2 |   0.0 |    34
         Sewer |       0 |      32 |   0.0 |       0 |      21 |   0.0 |   402
               +---------+---------+-------+---------+---------+-------+---------
